Map: Blackburn LE

Players

oOMeomaikAOo (MeomaikA) - Winner!

  • Race: Zerg Zerg
  • League: Grandmaster

Seither

  • Race: Terran Terran
  • League: Grandmaster

Event: DreamHack SC2 Masters 2021 Summer

VOD

Have the link to the VOD?

Description

Time

  • Played on: May 19, 2021, 7:03 a.m.
  • Length: 9:32

All games in this series

Show
View Real Time Build Order
Export as new Build Order

oOMeomaikAOo Zerg - Winner!

Build Orders: Pool First 

Get SALT Encoding   

  12  0:00  Drone  
  13  0:08  Drone  
  14  0:16  Overlord  
  14  0:26  Extractor, Drone  
  15  0:34  Drone x2  
  17  0:44  Spawning Pool  
  17  0:48  Drone  
  17  1:09  Hatchery  
  17  1:11  Drone  
  17  1:13  Extractor  
  17  1:16  Drone  
  17  1:19  Drone  
  18  1:31  Zergling x2  
  18  1:32  Queen  
  21  1:37  Drone  
  22  1:47  Overlord  
  22  2:06  Drone  
  22  2:08  Queen  
  25  2:09  Drone  
  25  2:14  Metabolic Boost  
  26  2:20  Drone  
  26  2:21  Drone  
  28  2:33  Drone x2  
  30  2:41  Drone x3  
  30  2:43  Drone x2  
  35  2:53  Overlord  
  35  2:59  Drone, Hatchery  
  35  3:04  Drone  
  36  3:06  Overlord  
  37  3:12  Drone  
  37  3:13  Drone x2  
  37  3:15  Drone  
  37  3:17  Drone  
  37  3:18  Drone  
  42  3:20  Drone  
  42  3:26  Lair  
  43  3:29  Drone  
  43  3:30  Extractor  
  43  3:31  Drone  
  44  3:34  Drone  
  44  3:35  Extractor  
  44  3:39  Drone  
  44  3:40  Drone  
  45  3:49  Queen  
  45  3:50  Zergling x4  
  45  3:54  Zergling x4  
  51  3:58  Overlord  
  51  4:01  Overlord  
  52  4:17  Drone x3  
  52  4:18  Drone  
  52  4:19  Extractor  
  52  4:22  Drone  
  52  4:23  Drone x4  
  59  4:25  Zergling x4  
  59  4:26  Zergling x2  
  62  4:33  Spire  
  62  4:34  Drone x2  
  62  4:35  Queen  
  62  4:36  Overlord  
  65  4:41  Spore Crawler  
  65  4:42  Spore Crawler  
  65  4:45  Overseer, Overlord  
  63  4:46  Drone x2  
  63  4:49  Drone  
  66  4:56  Drone x5  
  66  4:58  Extractor  
  70  5:02  Drone x2  
  70  5:04  Overlord  
  70  5:06  Drone x2  
  74  5:08  Extractor  
  73  5:17  Drone x4, Overlord  
  77  5:21  Overlord  
  77  5:22  Overseer  
  77  5:26  Overlord  
  78  5:35  Zergling x6  
  78  5:36  Hatchery, Zergling x2  
  78  5:38  Overlord  
  78  5:40  Drone x2  
  78  5:41  Drone  
  83  5:43  Drone  
  84  5:51  Roach Warren  
  84  5:56  Evolution Chamber x2  
  81  6:02  Zergling x16  
  89  6:10  Overlord  
  87  6:22  Drone  
  88  6:26  Zerg Missile Weapons Level 1, Zerg Ground Armor Level 1  
  88  6:30  Drone x7  
  95  6:36  Glial Reconstitution  
  95  6:37  Roach x3  
  95  6:38  Roach  
  95  6:39  Roach x2  
  107  6:43  Drone  
  107  6:45  Roach  
  107  6:46  Roach  
  112  6:48  Roach x2  
  112  6:49  Roach x2  
  120  6:56  Roach x2  
  120  6:57  Roach  
  120  6:58  Overlord, Roach x2  
  120  6:59  Overlord  
  130  7:08  Overlord  
  130  7:09  Overlord  
  130  7:10  Roach x2  
  130  7:11  Overlord  
  130  7:15  Overseer  
  134  7:17  Overseer, Overlord  
  134  7:18  Roach x2  
  134  7:19  Roach x2  
  134  7:20  Overlord  
  142  7:31  Roach x8  
  142  7:33  Roach  
  142  7:34  Roach  
  162  7:38  Ravager x5  
  162  7:39  Ravager x3  
  162  7:41  Roach  
  162  7:42  Roach  
  174  7:45  Overlord  
  173  8:06  Roach x3  
  173  8:11  Roach x3  
  170  8:13  Roach x3  
  170  8:15  Overseer  
  170  8:16  Roach x2  
  170  8:17  Roach x3  
  170  8:18  Roach  
  170  8:19  Roach x5  
  183  8:21  Roach x3  
  183  8:23  Roach  
  183  8:25  Roach x2  
  183  8:29  Overlord  
  183  8:35  Overlord  
  183  8:48  Roach x3  
  172  8:50  Roach x2  
  172  8:51  Roach x2  
  172  8:52  Roach x2  
  172  8:53  Roach  
  172  8:54  Roach x2  
  177  8:56  Roach  
  177  8:57  Roach  
  177  8:59  Roach  
  169  9:04  Roach  
  169  9:07  Roach  
  169  9:09  Roach  
  169  9:10  Roach  
Show
View Real Time Build Order
Export as new Build Order

Seither Terran 

Build Orders: Reaper Expand, Hellion Banshee 

Get SALT Encoding   

  12  0:00  SCV  
  13  0:12  SCV  
  14  0:17  Supply Depot  
  14  0:24  SCV  
  15  0:38  SCV  
  15  0:40  Barracks  
  16  0:43  Refinery  
  16  0:50  SCV  
  17  1:03  SCV  
  18  1:15  SCV  
  19  1:28  Reaper, Orbital Command  
  20  1:43  Command Center  
  20  1:55  Supply Depot  
  20  1:56  SCV  
  20  1:59  Marine  
  22  2:08  SCV  
  22  2:12  Factory  
  22  2:20  SCV  
  22  2:21  Barracks Reactor  
  23  2:26  Refinery  
  23  2:32  SCV  
  24  2:44  SCV  
  25  2:56  Orbital Command, SCV  
  26  3:01  Starport  
  26  3:05  Hellion x2  
  30  3:06  Barracks Tech Lab  
  30  3:08  SCV  
  31  3:22  SCV x2  
  31  3:27  Hellion x2  
  37  3:36  SCV x2  
  39  3:41  Supply Depot  
  39  3:48  SCV x2  
  41  3:53  Barracks Tech Lab, Hellion x2, Cloaking Field  
  45  4:00  SCV  
  45  4:02  Banshee  
  46  4:03  SCV  
  46  4:09  Supply Depot  
  50  4:12  SCV  
  50  4:15  SCV  
  51  4:25  Command Center  
  51  4:28  Hellion  
  55  4:31  Hellion  
  55  4:38  Marine  
  56  4:39  Supply Depot  
  56  4:40  SCV x2  
  58  4:47  Stimpack  
  58  4:50  Banshee  
  58  4:52  SCV x2  
  61  4:59  Barracks  
  61  5:04  SCV x2  
  61  5:05  Barracks  
  63  5:08  Engineering Bay  
  63  5:09  Engineering Bay  
  63  5:16  SCV x2  
  63  5:21  Factory Reactor  
  65  5:24  Refinery  
  65  5:28  SCV x2  
  66  5:31  Marine  
  66  5:34  Terran Infantry Weapons Level 1  
  66  5:35  Terran Infantry Armor Level 1  
  68  5:39  Orbital Command  
  68  5:40  SCV x2  
  68  5:41  Starport Reactor  
  70  5:49  Marine  
  71  5:52  SCV x2  
  71  5:53  Missile Turret  
  71  5:54  Marine x2  
  71  5:55  Missile Turret  
  75  6:02  Factory Reactor  
  75  6:04  SCV x2, Missile Turret  
  75  6:07  Marine  
  75  6:10  Marine  
  75  6:11  Marine  
  80  6:12  Marine x2  
  80  6:14  Supply Depot  
  80  6:15  Refinery, SCV  
  80  6:16  SCV  
  80  6:17  Supply Depot  
  84  6:23  SCV  
  84  6:25  Marine  
  85  6:26  Viking  
  85  6:31  Supply Depot  
  85  6:32  Combat Shield  
  85  6:35  Marine x3  
  85  6:36  SCV, Viking  
  91  6:43  Barracks  
  91  6:44  Widow Mine x2, Barracks  
  91  6:47  Orbital Command, Marine x2  
  95  6:53  Marine  
  98  6:56  Supply Depot  
  98  6:59  Supply Depot  
  98  7:01  Medivac  
  100  7:06  Medivac  
  100  7:07  Widow Mine x2  
  106  7:09  Marine  
  106  7:10  Marine x2  
  106  7:14  Missile Turret  
  109  7:15  Marine x2  
  109  7:16  SCV  
  109  7:17  SCV  
  113  7:27  Bunker, Marine x2  
  113  7:28  Widow Mine x2  
  119  7:32  Armory  
  119  7:33  Barracks Reactor x2  
  119  7:38  SCV x3  
  119  7:39  Marine  
  119  7:40  Marine x2  
  119  7:44  Medivac x2  
  127  7:45  Marine  
  127  7:49  Refinery  
  130  7:52  Factory  
  130  8:01  Bunker  
  130  8:02  Factory Tech Lab  
  130  8:03  Bunker  
  121  8:16  Marine x4  
  121  8:17  Marine x5  
  86  8:34  Marine x6  
  86  8:35  Marine x2  
  86  8:36  Marine  
  86  8:38  Siege Tank x2  
  90  8:52  Marine x7  
  90  8:53  Marine x2  
  93  9:02  Medivac  
  81  9:10  Marine x7  
  81  9:11  Marine x2  
Tags
 
Add a new tag
Caveats
  • Supply blocks, unpowered buildings, or Contaminate may cause inaccurate times.
  • Supply counts are checked every 10 seconds.